 Dungeon Crawl Stone Soup version 0.20.0-15-g7f486f2 (webtiles) character file.

32 Hook the Charmwright (level 3, 0/27 HPs)
             Began as a Merfolk Skald on June 20, 2017.
             Succumbed to an adder's poison
             ... on level 2 of the Dungeon.
             The game lasted 00:03:52 (1161 turns).

Hook the Charmwright (Merfolk Skald)                Turns: 1161, Time: 00:03:53

Health: 0/27       AC:  3    Str: 17    XL:     3   Next: 27%
Magic:  3/6        EV: 13    Int: 12    God:
Gold:   102        SH:  0    Dex: 13    Spells: 3/6 levels left

rFire    . . .     SeeInvis .   a - +0 spear
rCold    + . .     Gourm    .   (no shield)
rNeg     . . .     Faith    .   b - +0 leather armour
rPois    .         Spirit   .   (no helmet)
rElec    .         Reflect  .   (no cloak)
rCorr    .         Harm     .   (no gloves)
MR       .....                  (no boots)
Stlth    ++........             (no amulet)
Regen    0.1/turn               e - ring of protection from cold
MPRegen  0.1/turn               o - ring of stealth

@: mighty, lethally poisoned (0 -> -3)
A: change form in water, swift swim, stealthy swim
a: no special abilities


You were on level 2 of the Dungeon.
You were not hungry.

You visited 1 branch of the dungeon, and saw 2 of its levels.

You collected 102 gold pieces.

Inventory:

Hand Weapons
 a - a +0 spear (weapon)
Armour
 b - a +0 leather armour (worn)
Jewellery
 e - a ring of protection from cold (left hand)
 o - a ring of stealth (right hand)
Scrolls
 f - a scroll of identify
 l - 2 scrolls of teleportation
Potions
 p - a potion of mutation {unknown}
Books
 c - a book of Battle

   Spells                             Type                      Level
   a - Infusion                       Charms                       1
   b - Shroud of Golubria             Charms/Translocation         2
   c - Song of Slaying                Charms                       2
   d - Spectral Weapon                Hexes/Charms                 3
   e - Regeneration                   Charms/Necromancy            3
Comestibles
 d - 5 bread rations
 k - 7 fruits


   Skills:
 + Level 2.2 Fighting
 * Level 3.7 Polearms
 + Level 0.8 Armour
 * Level 3.2 Dodging
 + Level 2.2 Spellcasting
 * Level 3.7 Charms


You had 3 spell levels left.
You knew the following spells:

 Your Spells              Type           Power        Failure   Level  Hunger
a - Infusion              Chrm           ##..         7%          1    ##.....
b - Song of Slaying       Chrm           ##......     11%         2    ###....


Dungeon Overview and Level Annotations

Branches:
Dungeon (2/15)

Altars:
Cheibriados


Message History

* * * LOW HITPOINT WARNING * * *
You feel sick. The hobgoblin closely misses you.
You hit the hobgoblin but do no damage.
You are too injured to fight recklessly!
You barely miss the hobgoblin.
* * * LOW HITPOINT WARNING * * *
You feel sick. The hobgoblin hits you with a club.
* * * LOW HITPOINT WARNING * * *
You closely miss the hobgoblin. The hobgoblin completely misses you.
You hit the hobgoblin.
The hobgoblin is lightly wounded.
The hobgoblin misses you.
It was a potion of cancellation.
Your magical effects are unravelling.
You feel magically purged.
You are no longer magically infusing your attacks.
The hobgoblin misses you.
It was a potion of might.
You feel very mighty all of a sudden.
You die...

###'###.#..####..#.####.#
#>....#.............#.#
#######......####.#.#.#
#....).+..†.#...# ***
*****###*
#......##########
*<****,,,,,..* #......#
*,*,,,,,,,*#.* #...(..#
,,*,***,#.##%####......#
,**,,,,,#......g@......#
,**,,,,*#....#####.....#
,***,*,*#...#*** #######
,,,*,,......,,,*
**,***.#.##***,*
*,***,#,,,,,,,*
*,,,*,********* ***,*,*
*,,,*


You could see a hobgoblin.

Vanquished Creatures
  An adder (D:2)
  A worm (D:2)
  A dart slug (D:2)
  2 bats (D:1)
  A giant cockroach (D:2)
  3 goblins
  3 hobgoblins
  2 quokkas (D:2)
  A frilled lizard (D:2)
  3 rats
18 creatures vanquished.

Notes
Turn   | Place    | Note
-------+----------+-------------------------------------------
     0 | D:1      | Hook the Merfolk Skald began the quest for the Orb.
     0 | D:1      | Reached XP level 1. HP: 16/16 MP: 3/3
   482 | D:1      | Reached XP level 2. HP: 17/22 MP: 0/5
   686 | D:2      | Learned a level 2 spell: Song of Slaying
   788 | D:2      | Found a snail-covered altar of Cheibriados.
  1045 | D:2      | Reached XP level 3. HP: 27/27 MP: 2/6
  1136 | D:2      | HP: 1/27 [adder (1)]
  1157 | D:2      | HP: 1/27 [hobgoblin/club (1)]
  1161 | D:2      | Succumbed to an adder's poison

Skill      XL: |  1 |
---------------+----+-----
Dodging        | 3 |  3.2
Fighting       | |  2.2
Polearms       | |  3.7
Armour         | |  0.8
Spellcasting   | |  2.2
Charms         | |  3.7

Action                   || total
-------------------------++-------
Melee: Spear             ||    90
 Cast: Infusion          ||    15
  Use: Scroll            ||     5
       Potion            ||     4
  Eat: Chunk             ||     1
Armor: Leather armour    ||    11
Dodge: Dodged            ||    48
